Map: Ruins of Seras

Players

Bop - Winner!

  • Race: Zerg Zerg

NesTea

  • Race: Protoss Protoss

VOD

Have the link to the VOD?

Description

Time

  • Played on: May 2, 2015, 5:23 a.m.
  • Length: 6:57
Show
View Real Time Build Order
Export as new Build Order

Bop Zerg - Winner!

Build Orders: Hatch First, Swarm Host 

Get SALT Encoding   

  12  0:01  Drone  
  13  0:14  Overlord  
  13  0:21  Drone  
  14  0:32  Drone x2  
  16  0:38  Drone  
  17  0:47  Drone  
  18  0:59  Hatchery  
  17  1:08  Drone  
  18  1:11  Extractor  
  17  1:20  Spawning Pool  
  17  1:21  Drone  
  17  1:33  Drone x2  
  19  1:41  Drone  
  20  2:06  Queen  
  22  2:11  Queen  
  22  2:12  Zergling x4  
  22  2:14  Overlord  
  26  2:17  Drone  
  27  2:23  Drone  
  27  2:26  Metabolic Boost  
  28  2:34  Drone x3  
  31  2:42  Queen  
  33  2:45  Overlord  
  33  2:50  Drone  
  34  2:55  Queen  
  36  3:06  Drone x4  
  39  3:21  Lair  
  39  3:25  Drone x4  
  39  3:26  Overlord  
  43  3:29  Drone, Extractor  
  43  3:31  Extractor  
  42  3:34  Drone  
  43  3:46  Drone x5  
  48  3:56  Drone  
  48  3:57  Drone x2  
  51  4:03  Overlord  
  51  4:06  Overlord  
  51  4:21  Infestation Pit, Queen  
  54  4:25  Burrow  
  54  4:28  Extractor  
  51  4:32  Overlord x2  
  51  4:33  Drone x3  
  54  4:49  Overlord x2  
  54  4:57  Swarm Host x2  
  63  5:06  Swarm Host  
  66  5:10  Queen  
  68  5:18  Swarm Host  
  68  5:20  Hatchery, Swarm Host  
  70  5:28  Spore Crawler  
  69  5:45  Swarm Host x2  
  75  5:55  Zergling x2  
  75  5:56  Zergling x10  
  81  6:02  Overlord  
  81  6:09  Zergling x2  
  81  6:10  Zergling x4  
  83  6:30  Zergling x2  
  83  6:31  Zergling x14  
  87  6:40  Hydralisk Den  
Show
View Real Time Build Order
Export as new Build Order

NesTea Protoss 

Build Orders: Nexus First 

Get SALT Encoding   

  12  0:01  Probe  
  13  0:17  Pylon  
  13  0:18  Probe  
  14  0:35  Probe (Chrono Boost)  
  15  0:46  Probe (Chrono Boost)  
  16  1:00  Nexus  
  16  1:13  Forge  
  16  1:15  Probe (Chrono Boost)  
  18  1:26  Probe (Chrono Boost)  
  18  1:33  Probe (Chrono Boost)  
  19  1:40  Pylon  
  19  1:48  Gateway  
  19  1:49  Probe  
  20  1:57  Photon Cannon  
  20  2:01  Probe  
  20  2:04  Assimilator  
  21  2:11  Assimilator  
  21  2:15  Probe (Chrono Boost)  
  23  2:18  Probe (Chrono Boost)  
  23  2:25  Probe (Chrono Boost)  
  25  2:31  Probe (Chrono Boost)  
  25  2:33  Probe (Chrono Boost)  
  26  2:37  Cybernetics Core  
  26  2:40  Probe (Chrono Boost)  
  27  2:45  Probe (Chrono Boost)  
  27  2:46  Zealot  
  31  2:52  Probe (Chrono Boost)  
  31  2:56  Probe (Chrono Boost)  
  32  3:01  Probe (Chrono Boost)  
  32  3:05  Probe (Chrono Boost)  
  34  3:10  Probe  
  35  3:14  Probe (Chrono Boost), Warp Gate  
  36  3:23  Pylon  
  36  3:24  Probe (Chrono Boost)  
  36  3:26  Probe (Chrono Boost)  
  36  3:27  Stargate  
  38  3:31  Assimilator  
  38  3:32  Assimilator  
  38  3:34  Probe (Chrono Boost)  
  40  3:35  Sentry  
  40  3:36  Probe (Chrono Boost)  
  40  3:40  Probe (Chrono Boost)  
  44  3:49  Probe (Chrono Boost)  
  44  3:51  Probe (Chrono Boost)  
  45  3:57  Probe (Chrono Boost)  
  45  3:58  Probe (Chrono Boost)  
  45  4:02  Pylon  
  47  4:08  Probe x2  
  47  4:09  Sentry  
  51  4:10  Pylon  
  51  4:20  Probe x2  
  51  4:21  Oracle (Chrono Boost)  
  51  4:22  Protoss Ground Weapons Level 1 (Chrono Boost)  
  56  4:32  Probe x2  
  58  4:41  Stalker  
  60  4:50  Gateway x2  
  60  4:52  Gateway  
  60  4:59  Probe (Chrono Boost)  
  62  5:03  Gateway  
  62  5:05  Gateway, Probe (Chrono Boost)  
  62  5:06  Gateway  
  62  5:08  Gateway  
  62  5:14  Oracle  
  62  5:17  Probe  
  66  5:21  Pylon  
  66  5:35  Pylon  
  66  5:40  Pylon  
  63  6:05  Zealot x3  
  69  6:14  Zealot x4  
  77  6:28  Stalker x3  
  49  6:42  Zealot x4  
  55  6:52  Zealot x3  
Tags
 
Add a new tag
Caveats
  • Supply blocks, unpowered buildings, or Contaminate may cause inaccurate times.
  • Supply counts are checked every 10 seconds.